 Dungeon Crawl Stone Soup version 0.19-a0-1007-g133f65f (webtiles) character file.

59 mistymad the Skirmisher (level 4, -1/37 HPs)
             Began as a Formicid Abyssal Knight on July 19, 2016.
             Was a Believer of Lugonu.
             Succumbed to an orc's poison
             ... on level 2 of the Dungeon.
             The game lasted 00:04:25 (1852 turns).

mistymad the Skirmisher (Formicid Abyssal Knight)   Turns: 1852, Time: 00:04:25

Health: -1/37      AC:  9    Str: 19 (22) XL:     4   Next: 22%
Magic:  14/14      EV: 12    Int:  9 (12) God:    Lugonu [**....]
Gold:   116        SH:  0    Dex: 12 (15) Spells: 0 memorised, 3 levels left

rFire  . . .     SeeInvis +     a - +1 hand axe
rCold  . . .     Gourm    .     l - +0 chain mail
rNeg   . . .     Faith    .     (no shield)
rPois  .         Spirit   .     (helmet unavailable)
rElec  .         Dismiss  .     (no cloak)
rCorr  .         Reflect  .     (no gloves)
SustAt .         Harm     .     (no boots)
MR     .....                    (no amulet)
Stlth  ..........               (no ring)
                                h - ring of magical power

@: mighty, agile, lethally poisoned (-1 -> -20), not resistant to hostile
enchantments, extremely unstealthy
A: permanent stasis, dig shafts and tunnels, four strong arms, antennae 3
a: Dig, Shaft Self, Depart the Abyss, Bend Space, Renounce Religion


You were on level 2 of the Dungeon.
You worshipped Lugonu.
Lugonu was pleased with you.
You were not hungry.

You visited 1 branch of the dungeon, and saw 2 of its levels.
You visited the Abyss 1 time.

You collected 116 gold pieces.

Inventory:

Hand Weapons
 a - a +1 hand axe (weapon)
Armour
 l - a +0 chain mail (worn)
Jewellery
 f - an uncursed ring of see invisible {unknown}
 h - a ring of magical power (left hand)
Scrolls
 d - a scroll of remove curse {unknown}
 k - 2 scrolls of random uselessness {unknown}
 m - 2 scrolls of teleportation {unknown}
Comestibles
 c - 3 bread rations
 g - a slice of pizza
 i - 3 fruits
 j - a meat ration


   Skills:
 + Level 3.8 Fighting
 + Level 3.0 Axes
 + Level 3.2 Armour
 - Level 0.8 Dodging
 - Level 2.1 Invocations


You had 3 spell levels left.
You didn't know any spells.

Dungeon Overview and Level Annotations

Branches:
Dungeon (2/15)

Altars:


Innate Abilities, Weirdness & Mutations

You are under a permanent stasis effect.
You can dig through walls and to a lower floor.
Your four strong arms can wield two-handed weapons with a shield.
You have a pair of large antennae on your head. (SInv)


Message History

You kill the orc!
Lugonu accepts your kill.
* * * LOW HITPOINT WARNING * * *
You feel very sick. The goblin barely misses you.
You take 3 damage, and have 4/37 hp.
It was a potion of might.
You feel very mighty all of a sudden.
* * * LOW HITPOINT WARNING * * *
You feel sick. The goblin hits you but does no damage.
You take 1 damage, and have 3/37 hp.
It was a potion of degeneration.
There was something very wrong with that liquid.
You feel weakened.
You feel dopey.
You feel clumsy.
* * * LOW HITPOINT WARNING * * *
You feel sick. The goblin barely misses you.
You take 2 damage, and have 1/37 hp.
It was a potion of agility.
You feel agile all of a sudden.
You die...

#...............{.>.....
##♣.♣.###..##.##........
#####♣.♣.........##......##
#....♣.♣####......#.....<#
#.###♣.♣ ##.....o.######
####.###♣.♣ #####.### ........♣.♣
##.## #....##.♣.♣ ####.g.#
#....##.♣.♣ #@#....# #.......♣.♣#
##g#...# . ...........## ###...#
. ............# #...# # ##
..........#.#######...######. .
....#.....[.#................####
....#.#.#.............)..♣.♣....#
.(..#.####.##..........♣.....♣...
......##...###P...#...#..♣.♣.....


You could see a goblin.

Vanquished Creatures
  2 adders (D:2)
  5 dart slugs (D:1)
  3 orcs (D:2)
  A ball python (D:1)
  3 giant cockroaches
  4 goblins
  5 hobgoblins
  2 bats (D:1)
  A kobold (D:1)
  2 rats (D:1)
28 creatures vanquished.

Notes
Turn   | Place    | Note
-------+----------+-------------------------------------------
     0 | Abyss:1  | mistymad the Formicid Abyssal Knight began the quest for the Orb.
     0 | Abyss:1  | Reached XP level 1. HP: 18/18 MP: 2/2
     8 | D:1      | Escaped the Abyss
   188 | D:1      | Reached XP level 2. HP: 23/24 MP: 3/3
   712 | D:1      | Reached XP level 3. HP: 23/29 MP: 4/4
   946 | D:1      | Reached ** piety under Lugonu
  1802 | D:2      | Reached XP level 4. HP: 37/37 MP: 5/5
  1851 | D:2      | HP: 1/37 [poisoned by an orc]
  1852 | D:2      | Succumbed to an orc's poison

Vault maps used:
D:1:      dpeg_arrival_radiant, minmay_hedge_maze
D:2:      serial_forest, infiniplex_forest_lined_ring,
          infiniplex_forest_clump_large, infiniplex_forest_straight_3,
          infiniplex_forest_straight_4, infiniplex_forest_clump_medium,
          infiniplex_forest_lined_3, guppyfry_early_orc_mine
Abyss:1:  evilmike_abyss_exit_15

Skill      XL: |  1  2  3 |
---------------+----------+-----
Axes           | 3 |  3.0
Armour         | 3 |  3.2
Fighting       | |  3.8
Dodging        | |  0.8
Invocations    | |  2.1

Action                   |  1- 3 |  4- 6 || total
-------------------------+-------+-------++-------
Melee: Hand axe          |    81 |    21 ||   102
 Abil: Dig               |       |     1 ||     1
  Use: Potion            |       |     3 ||     3
  Eat: Chunk             |     2 |     1 ||     3
Armor: Leather armour    |    10 |       ||    10
       Chain mail        |    10 |     7 ||    17
Dodge: Dodged            |    50 |     5 ||    55
